 Dungeon Crawl Stone Soup version 0.21.1-1-g345015f (webtiles) character file.

15058 Firecrotchwizard the Thaumaturge (level 11, -2/97 HPs)
             Began as a Purple Draconian Fire Elementalist on Feb 23, 2018.
             Was an Elder of Vehumet.
             Slain by a yak (3 damage)
             ... on level 2 of the Lair of Beasts.
             The game lasted 00:57:30 (15667 turns).

Firecrotchwizard the Thaumaturge (DrFE)            Turns: 15667, Time: 00:57:30

Health: -2/97      AC: 11    Str: 11    XL:     11   Next: 96%
Magic:  7/24       EV: 16    Int: 18    God:    Vehumet [****..]
Gold:   810        SH:  0    Dex: 12    Spells: 8/28 levels left

rFire    . . .     SeeInvis .   i - +2 dagger (venom)
rCold    . . .     Gourm    .   (no shield)
rNeg     + . .     Faith    .   (armour unavailable)
rPois    +         Spirit   .   (helmet restricted)
rElec    .         Reflect  .   K - +0 cloak
rCorr    .         Harm     .   w - +2 pair of gloves
MR       +....                  (no boots)
Stlth    ++........             (no amulet)
HPRegen  0.26/turn              j - ring of poison resistance {rPois, !d}
MPRegen  0.19/turn              o - ring of positive energy {rN+}

@: very slightly contaminated
A: breathe power, unfitting armour, cold-blooded, AC +7
a: Breathe Dispelling Energy, Renounce Religion


You were on level 2 of the Lair of Beasts.
You worshipped Vehumet.
Vehumet was greatly pleased with you.
You were very hungry.

You visited 2 branches of the dungeon, and saw 12 of its levels.

You collected 810 gold pieces.

Inventory:

Hand Weapons
 i - a +2 dagger of venom (weapon)
   (You found it on level 1 of the Dungeon)
 l - a +1 quarterstaff of holy wrath
   (You found it on level 2 of the Dungeon)
 N - a +1 flail of crushing
   (You took it off an orc on level 9 of the Dungeon)
 T - the +4 flail of Undoing {chaos, rN+ Dex+5}
   (You found it on level 1 of the Lair of Beasts)

   Each time it hits an enemy it has a different, random effect.
   It affects your dexterity (+5).
   It protects you from negative energy.
Missiles
 v - 5 curare-tipped needles
 R - a throwing net {=f, !d}
Armour
 w - a +2 pair of gloves (worn)
   (You found it on level 5 of the Dungeon)
 K - a +0 cloak (worn)
   (You found it on level 9 of the Dungeon)
Magical Staves
 D - an uncursed staff of earth
   (You found it on level 7 of the Dungeon)
Jewellery
 j - a ring of poison resistance (left hand) {rPois, !d}
   (You found it on level 1 of the Dungeon)
 o - a ring of positive energy (right hand) {rN+}
   (You found it on level 4 of the Dungeon)
 J - an uncursed ring of see invisible {sInv, !d}
   (You found it on level 8 of the Dungeon)
Wands
 e - a wand of polymorph (11)
   (You took it off an orc wizard on level 4 of the Dungeon)
 s - a wand of disintegration (17) {@e1}
   (You found it on level 2 of the Dungeon)
 x - a wand of flame (54)
   (You found it on level 5 of the Dungeon)
 F - a wand of paralysis (15)
   (You found it on level 7 of the Dungeon)
 M - a wand of scattershot (4)
   (You took it off an orc warrior on level 9 of the Dungeon)
 O - a wand of digging (13)
   (You found it on level 9 of the Dungeon)
Scrolls
 c - 4 scrolls of identify
 f - 3 scrolls of magic mapping {!r}
 g - 3 scrolls of fear
 k - 3 scrolls of amnesia
 n - 3 scrolls of enchant weapon
 p - a scroll of immolation {unknown}
 y - a scroll of noise {!r}
 A - 2 scrolls of teleportation
 C - 2 scrolls of enchant armour {unknown}
 I - a scroll of silence {unknown}
 L - a scroll of remove curse
 Q - a scroll of blinking {unknown}
 U - a scroll of torment {unknown}
Potions
 d - a potion of berserk rage {unknown}
 h - 5 potions of curing
 m - a potion of might
 q - a potion of heal wounds {unknown}
 r - a potion of magic
 u - a potion of flight {unknown}
 z - 3 potions of lignification {!q}
 B - 2 potions of degeneration {unknown}
 E - a potion of haste {unknown}
Books
 a - a book of Flames
 t - a book of Minor Magic
   (You found it on level 3 of the Dungeon)
 G - a book of Battle
   (You found it on level 7 of the Dungeon)
 H - a book of Geomancy
   (You found it on level 8 of the Dungeon)
 P - Ced Bonu's Sorcery, Part Two
   (You found it on level 1 of the Lair of Beasts)

   Spells                             Type                      Level
   a - Swiftness                      Charms/Air                   2
   b - Throw Flame                    Conjuration/Fire             2
   c - Slow                           Hexes                        2
   d - Corpse Rot                     Necromancy                   2
   e - Blink                          Translocation                2
Comestibles
 b - 15 rations {@e1}
 S - 4 chunks of flesh {@w0}


   Skills:
 + Level 9.3 Fighting
 + Level 8.0 Dodging
 - Level 1.7 Stealth
 - Level 9.3 Spellcasting
 - Level 8.0 Conjurations
 - Level 2.0 Translocations
 - Level 8.0 Fire Magic
 + Level 7.8 Evocations


You had 8 spell levels left.
You knew the following spells:

 Your Spells              Type           Power        Failure   Level  Hunger
a - Flame Tongue          Conj/Fire      #####        1%          1    None
b - Blink                 Tloc           N/A          5%          2    None
c - Conjure Flame         Conj/Fire      #####...     1%          3    None
d - Swiftness             Chrm/Air       #.......     13%         2    None
f - Fireball              Conj/Fire      #####.....   2%          5    #####..
s - Sticky Flame          Conj/Fire      #####...     1%          4    ###....
x - Mephitic Cloud        Conj/Pois/Air  ###.....     2%          3    None


Dungeon Overview and Level Annotations

Branches:
Dungeon (10/15)            Temple (0/1) D:7            Lair (2/6) D:9
  Swamp: Lair:2-4    Shoals: Lair:2-4     Snake: Lair:2-4    Spider: Lair:2-4
    Orc: D:9-12

Altars:
Cheibriados
Fedhas
Gozag
Makhleb
Okawaru
Qazlal
Vehumet
Wu Jian
Xom
Zin
The Shining One

Annotations:
D:3 1 runed door
Lair:1 exclusion: hydra, Harold


Innate Abilities, Weirdness & Mutations

You can breathe bolts of dispelling energy.
Your rich purple scales are hard. (AC +7)
You cannot fit into any form of body armour.
You are cold-blooded and may be slowed by cold attacks.


Message History

You now have 7/24 mp.
You miscast Blink.
You are very lightly contaminated with residual magic.
The world appears momentarily distorted!
The elephant trumpets!
The elephant seems less confused.
The elephant burns!
The elephant barely misses you. x2
The elephant tramples you but does no damage.
The elephant misses you.
You now have 5/24 mp.
You blink.
A yak comes into view.
The yak bellows! 2 yaks come into view.
Vehumet accepts your kill.
You feel your power returning.
Your Dodging skill increases to level 8!
You feel a bit more experienced.
A spiny frog comes into view.
You now have 4/24 mp.
The elephant looks more healthy.
You blink.
You now have 4/24 mp.
You see here 8 javelins.
The elephant tramples you but does no damage.
The elephant trunk-slaps you.
You take 2 damage, and have 60/97 hp.
There is a stone staircase leading up here.
The elephant tramples you!
You stumble backwards!
You stop ascending the stairs.
Your magical contamination has completely faded away.
You take 9 damage, and have 51/97 hp.
A six-headed hydra comes into view.
The elephant completely misses you. The elephant trunk-slaps you.
There is a stone staircase leading up here.
You take 3 damage, and have 49/97 hp.
The elephant closely misses you. The elephant barely misses you.
The elephant closely misses you.
The elephant trunk-slaps you but does no damage.
You climb upwards.
Level annotation: exclusion: hydra, Harold
There is a stone staircase leading down here.
The elephant tramples you!
You hold your ground!
The elephant trunk-slaps you but does no damage.
You take 13 damage, and have 36/97 hp.
Aim: an elephant You breathe a bolt of dispelling energy.
The bolt of dispelling energy hits the elephant.
You feel somewhat more hungry.
You are feeling very hungry.
The elephant tramples you!
* * * LOW HITPOINT WARNING * * *
You stumble backwards!
You take 13 damage, and have 23/97 hp.
Aim: an elephant (lightly wounded)
The sticky flame hits the elephant.
The elephant is covered in liquid flames!
The elephant burns!
The elephant barely misses you.
The elephant trunk-slaps you but does no damage.
You now have 5/24 mp.
You hit the elephant but do no damage.
The elephant is poisoned.
The elephant burns!
The elephant closely misses you. The elephant trunk-slaps you.
* * * LOW HITPOINT WARNING * * *
You take 2 damage, and have 21/97 hp.
The elephant burns!
The elephant burns!
The elephant burns!
The elephant stops burning.
The elephant looks more healthy.
You have got your breath back.
You blink.
You now have 7/24 mp.
You miscast Blink.
You are very lightly contaminated with residual magic.
Nothing appears to happen.
You now have 5/24 mp.
You blink.
You now have 3/24 mp.
There is a stone staircase leading down here.
You climb downwards.
The elephant tramples you!
* * * LOW HITPOINT WARNING * * *
You hold your ground!
The elephant barely misses you. The spiny frog barely misses you.
The elephant misses you. The elephant barely misses you.
The elephant tramples you but does no damage.
The elephant trunk-slaps you.
* * * LOW HITPOINT WARNING * * *
The elephant barely misses you.
The elephant trunk-slaps you but does no damage.
The spiny frog misses you. The elephant tramples you!
* * * LOW HITPOINT WARNING * * *
You hold your ground!
The elephant barely misses you. The elephant completely misses you.
The elephant barely misses you.
There is a stone staircase leading up, spattered with blood here.
You take 29 damage, and have 1/97 hp.
MASSIVE DAMAGE!!
Unknown command.
You hit the yak.
The yak is poisoned.
You tail-slap the yak. The yak gores you.
You die...

####### ### #.........# #
#.........# # ##P.......# #
##.......# # #........##
#.........# # ##.......## #
### ##FY.....## #####.#####
#Y@Y......# #.
P##..#..#.######YY.....###...
................Y............
.Y...........................
.Y...........................
....Y................<.......
.......Y>......>.............
........Y....................
........Y.........(..........


You could see 3 elephants, 3 yaks and a spiny frog.

Vanquished Creatures
  The ghost of jackcabral90 the Covert, a journeyman FoFi of Okawaru (D:10)
  A hydra (Lair:1)
  3 two-headed ogres
  The ghost of Ajohnson the Cleaver, a novice HOFi of Beogh (D:7)
  A cyclops (D:7)
  3 elephants (Lair:2)
  A spiny frog (Lair:2)
  2 rime drakes (Lair:1)
  A komodo dragon (Lair:2)
  A hornet (D:10)
  2 hippogriffs
  A spriggan (D:7)
  7 yaks
  4 hungry ghosts
  Menkaure (D:5)
  2 water moccasins
  4 porcupines
  A black bear (D:8)
  2 ice beasts
  5 orc warriors
  A sky beast (D:5)
  2 phantoms
  A necrophage (D:10)
  7 ogres
  4 centaurs
  5 crocodiles
  2 big kobolds
  A wyvern zombie (D:7)
  14 bullfrogs
  4 scorpions
  5 killer bees
  3 wights (D:8)
  3 howler monkeys (D:8)
  A bullfrog zombie (D:7)
  2 centaur zombies
  6 crimson imps
  A quasit (D:7)
  4 hounds
  5 jellies
  2 centaur skeletons
  5 orc priests
  10 orc wizards
  A bullfrog skeleton (D:4)
  2 iguanas
  5 worker ants
  A killer bee zombie (D:8)
  A worker ant zombie (D:5)
  8 gnolls
  11 adders
  2 shadow imps
  An ooze (D:3)
  An adder zombie (D:8)
  3 worms
  A dart slug (D:5)
  7 leopard geckos
  51 orcs
  9 giant cockroaches
  4 goblins
  9 hobgoblins
  3 jackals (D:5)
  19 kobolds
  A quokka (D:10)
  4 ball pythons
  13 bats
  8 frilled lizards
  A giant cockroach zombie (D:2)
  3 jackal zombies
  A leopard gecko zombie (D:8)
  8 rats
310 creatures vanquished.

Vanquished Creatures (others)
  A worker ant (D:7)
  An orc (D:7)
  2 fungi
4 creatures vanquished.

Grand Total: 314 creatures vanquished

Notes
Turn   | Place    | Note
-------+----------+-------------------------------------------
     0 | D:1      | Firecrotchwizard the Draconian Fire Elementalist began the quest for the Orb.
     0 | D:1      | Reached XP level 1. HP: 14/14 MP: 3/3
   194 | D:1      | HP: 3/14 [leopard gecko (3)]
   203 | D:1      | Reached XP level 2. HP: 5/20 MP: 0/5
   517 | D:1      | Reached skill level 2 in Conjurations
   899 | D:1      | Reached XP level 3. HP: 26/26 MP: 2/6
   973 | D:1      | Learned a level 3 spell: Conjure Flame
  1370 | D:2      | Found a glowing golden altar of the Shining One.
  1749 | D:2      | Reached skill level 3 in Conjurations
  1816 | D:2      | Found an iron altar of Okawaru.
  1826 | D:2      | Reached XP level 4. HP: 33/33 MP: 4/7
  2338 | D:2      | Found an opulent altar of Gozag.
  3061 | D:3      | Found a runed door.
  3263 | D:3      | Found a shimmering altar of Xom.
  3538 | D:4      | Noticed an ogre
  3557 | D:4      | Reached XP level 5. HP: 38/38 MP: 3/8
  3647 | D:4      | Reached skill level 4 in Fire Magic
  3709 | D:4      | Reached skill level 4 in Conjurations
  3866 | D:4      | Reached skill level 3 in Spellcasting
  4332 | D:4      | Reached XP level 6. HP: 39/45 MP: 4/10
  4382 | D:4      | Learned a level 2 spell: Blink
  4387 | D:4      | Learned a level 4 spell: Sticky Flame
  4741 | D:4      | Found a burning altar of Makhleb.
  4741 | D:4      | Found an ornate altar of the Wu Jian Council.
  4954 | D:5      | Entered Level 5 of the Dungeon
  5016 | D:5      | Noticed Menkaure
  5026 | D:5      | Killed Menkaure
  5026 | D:5      | Reached skill level 5 in Conjurations
  5026 | D:5      | Reached skill level 5 in Fire Magic
  5026 | D:5      | Your scales start taking on a rich purple colour.
  5026 | D:5      | Reached skill level 4 in Spellcasting
  5026 | D:5      | Reached XP level 7. HP: 29/50 MP: 6/14
  5165 | D:5      | Reached skill level 5 in Spellcasting
  5287 | D:5      | Found a shimmering altar of Xom.
  6263 | D:6      | Reached skill level 1 in Translocations
  6291 | D:6      | Reached skill level 6 in Fire Magic
  6291 | D:6      | Reached XP level 8. HP: 57/57 MP: 10/16
  6382 | D:6      | Reached skill level 6 in Conjurations
  6568 | D:6      | Reached skill level 2 in Translocations
  7015 | D:6      | Found a radiant altar of Vehumet.
  7283 | D:6      | Reached skill level 6 in Spellcasting
  7388 | D:6      | Became a worshipper of Vehumet
  7662 | D:6      | Learned a level 3 spell: Mephitic Cloud
  7685 | D:6      | Reached skill level 7 in Fire Magic
  7713 | D:6      | Reached skill level 7 in Conjurations
  8077 | D:7      | Reached XP level 9. HP: 62/62 MP: 10/19
  8185 | D:7      | Reached skill level 7 in Spellcasting
  8249 | D:7      | Found a staircase to the Ecumenical Temple.
  8481 | D:7      | Noticed a cyclops
  8566 | D:7      | Killed a cyclops
  8644 | D:7      | Reached * piety under Vehumet
  8644 | D:7      | Offered knowledge of Sandblast by Vehumet.
  8708 | D:7      | Found a stormy altar of Qazlal.
  8739 | D:7      | Reached skill level 8 in Fire Magic
  8776 | D:7      | Reached skill level 1 in Fighting
  8776 | D:7      | Reached skill level 8 in Conjurations
  8911 | D:7      | Reached skill level 2 in Dodging
  8915 | D:7      | Reached skill level 8 in Spellcasting
  9054 | D:7      | Found a blossoming altar of Fedhas.
  9293 | D:7      | Reached skill level 2 in Fighting
  9573 | D:7      | Noticed Ajohnson's ghost (novice HOFi)
  9590 | D:7      | Killed Ajohnson's ghost
  9590 | D:7      | Reached skill level 3 in Fighting
  9590 | D:7      | Reached skill level 3 in Dodging
  9590 | D:7      | Reached XP level 10. HP: 41/78 MP: 6/22
 10134 | D:8      | Noticed a two-headed ogre
 10157 | D:8      | Noticed a two-headed ogre
 10308 | D:8      | Reached skill level 4 in Fighting
 10318 | D:8      | Offered knowledge of Sting by Vehumet.
 10343 | D:8      | Reached ** piety under Vehumet
 10343 | D:8      | Reached skill level 9 in Spellcasting
 10455 | D:8      | Killed a two-headed ogre
 10455 | D:8      | Reached skill level 4 in Dodging
 10514 | D:8      | Found a glowing silver altar of Zin.
 10575 | D:8      | Got a shimmering rapier {antimagic}
 10657 | D:8      | Killed a two-headed ogre
 10657 | D:8      | Reached skill level 5 in Fighting
 10657 | D:8      | Reached skill level 2 in Evocations
 10848 | D:8      | Reached skill level 5 in Dodging
 10913 | D:8      | Found a snail-covered altar of Cheibriados.
 11224 | D:9      | Reached skill level 3 in Evocations
 11239 | D:9      | Reached skill level 6 in Fighting
 11372 | D:9      | Learned a level 5 spell: Fireball
 11488 | D:9      | HP: 16/83 [orc warrior/battleaxe of freezing (20)]
 11809 | D:9      | Offered knowledge of Ignite Poison by Vehumet.
 11809 | D:9      | Reached skill level 4 in Evocations
 12042 | D:9      | Noticed a two-headed ogre
 12057 | D:9      | Killed a two-headed ogre
 12057 | D:9      | Reached skill level 6 in Dodging
 12057 | D:9      | Reached XP level 11. HP: 43/91 MP: 16/24
 12271 | D:9      | Reached skill level 7 in Fighting
 12334 | D:9      | Reached *** piety under Vehumet
 12473 | D:9      | Found a staircase to the Lair.
 12494 | D:9      | Reached skill level 5 in Evocations
 12858 | D:10     | Entered Level 10 of the Dungeon
 13093 | D:10     | Noticed jackcabral90's ghost (journeyman FoFi)
 13111 | D:10     | Killed jackcabral90's ghost
 13239 | D:10     | Offered knowledge of Static Discharge by Vehumet.
 13697 | D:10     | Reached skill level 6 in Evocations
 13702 | D:10     | Reached skill level 8 in Fighting
 13862 | D:10     | Reached skill level 7 in Dodging
 13985 | Lair:1   | Entered Level 1 of the Lair of Beasts
 14030 | Lair:1   | Got a dazzling flail
 14031 | Lair:1   | Identified the +4 flail of Undoing {chaos, rN+ Dex+5} (You found it on level 1 of the Lair of Beasts)
 14334 | Lair:1   | Identified Ced Bonu's Sorcery, Part Two
 14339 | Lair:1   | Learned a level 2 spell: Swiftness
 14410 | Lair:1   | Found a frozen archway.
 14450 | Lair:1   | Noticed a six-headed hydra
 14511 | Lair:1   | Reached **** piety under Vehumet
 14549 | Lair:1   | Noticed Harold
 14607 | Lair:1   | Noticed a four-headed hydra
 14618 | Lair:1   | Killed a four-headed hydra
 14618 | Lair:1   | Reached skill level 7 in Evocations
 15227 | Lair:2   | Reached skill level 9 in Fighting
 15359 | Lair:1   | Offered knowledge of Throw Icicle by Vehumet.
 15593 | Lair:2   | Reached skill level 8 in Dodging
 15618 | Lair:2   | Noticed a six-headed hydra
 15625 | Lair:1   | HP: 23/97 [elephant (13)]
 15666 | Lair:2   | HP: 18/97 [elephant (13)]
 15666 | Lair:2   | HP: 1/97 [elephant (12)]
 15667 | Lair:2   | Slain by a yak

Skill      XL: |  1  2  3  4  5  6  7  8  9 10 11 |
---------------+----------------------------------+-----
Conjurations   | 2 3 4 5 7 8 |  8.0
Fire Magic     | 4 5 6 7 8 |  8.0
Spellcasting   | 3 4 5 6 8 9 |  9.3
Translocations | 1 2 |  2.0
Fighting       | 3 6 9 |  9.3
Dodging        | 3 6 8 |  8.0
Evocations     | 4 7 |  7.8
Stealth        | |  1.7

Action                   |  1- 3 |  4- 6 |  7- 9 | 10-12 || total
-------------------------+-------+-------+-------+-------++-------
Melee: Unarmed           |     9 |       |       |       ||     9
       Short sword       |    21 |       |       |       ||    21
       Tailslap          |     1 |     9 |    14 |    24 ||    48
       Quarterstaff      |     2 |    18 |    19 |    10 ||    49
       Dagger            |       |    39 |   128 |   137 ||   304
 Cast: Flame Tongue      |    73 |    80 |   192 |   315 ||   660
       Conjure Flame     |       |     2 |     4 |     6 ||    12
       Blink             |       |     1 |     1 |     9 ||    11
       Sticky Flame      |       |       |    22 |    51 ||    73
       Mephitic Cloud    |       |       |       |     3 ||     3
       Fireball          |       |       |       |     1 ||     1
 Abil: Breathe Dispellin |       |       |       |     1 ||     1
Evoke: Wand              |       |     3 |       |     7 ||    10
  Use: Scroll            |       |     2 |     6 |     7 ||    15
 Stab: Sleeping          |     2 |     1 |       |       ||     3
  Eat: Chunk             |     4 |     7 |    14 |    16 ||    41
       Ration            |       |     1 |     2 |     3 ||     6
Armor: Skin              |    34 |    23 |    87 |    78 ||   222
Dodge: Dodged            |    63 |    42 |   161 |   212 ||   478

Vault maps used:
D:1:      minmay_arrival_up_and_down
D:2:      okawaru_ov_weapons_minmay, marbit_many_paths, first_ration,
          tso_metal_star
D:3:      lemuel_coloured_pillars_altar, uniq_crazy_yiuf_cottage
D:4:      gammafunk_temple_overflow_elements
D:5:      grunt_decor_fettered, brannock_xom_greatest_gift, uniq_menkaure
D:6:      kennysheep_little_box
D:7:      fedhas_altar_fruit_tree, nicolae_qazlal_style_of_elements,
          temple_green, the_bakery, lemuel_flame_loot_1
D:8:      lemuel_crystal_altar, cheibrodos_worm_habitat
D:9:      kennysheep_blocky_hall, grunt_lair_entry_orc_guard_hut,
          minmay_misc_feat_cross
D:10:     kennysheep_small_spiral, stair_cage_cross
Lair:1:   portal_ice_cave_rime, uniq_harold
Lair:2:   spider_nest_entry_webs, serial_bayou_pond_d,
          kennysheep_abandoned_house

Table legend:
 A = Turns spent in this place as a percentage of turns spent in the entire game.
 B = Non-inter-level travel turns spent in this place as a percentage of non-inter-level travel turns spent in the entire game.
 C = Inter-level travel turns spent in this place as a percentage of turns spent in this place.
 D = Turns resting spent in this place as a percentage of non-inter-level travel turns spent in this place.
 E = Turns spent auto-exploring this place as a percentage of non-inter-level travel turns spent in this place.
 F = Non-inter-level travel turns spent in this place divided by the number of levels of this place that you've seen.
                   A       B       C       D       E      F
               +-------+-------+-------+-------+-------+----------------------
         Total | 100.0 | 100.0 |   3.8 |  38.7 |  41.5 | 1255.6
       Dungeon |  89.3 |  89.4 |   3.7 |  39.3 |  41.0 | 1346.9
          Lair |  10.7 |  10.6 |   5.0 |  33.9 |  45.1 | 799.0
               +-------+-------+-------+-------+-------+----------------------

Table legend:
 A = Kills in this place as a percentage of kills in entire the game.
 B = Kills by you in this place as a percentage of kills by you in the entire game.
 C = Kills by friends in this place as a percentage of kills by friends in the entire game.
 D = Other kills in this place as a percentage of other kills in the entire game.
 E = Experience gained in this place as a percentage of experience gained in the entire game.
 F = Experience gained in this place divided by the number of levels of this place that you have seen.
                   A       B       C       D       E      F
               +-------+-------+-------+-------+-------+----------------------
         Total | 100.0 | 100.0 |   N/A |   N/A | 100.0 | 1792.7
       Dungeon |  92.9 |  92.9 |   N/A |   N/A |  73.8 | 1587.0
          Lair |   7.1 |   7.1 |   N/A |   N/A |  26.2 | 2821.0
               +-------+-------+-------+-------+-------+----------------------
